% Time on Ice - SASKATOON DUCKS
Lines # - Real PCT - Wanted PCT - Time Play
Normal Forward
1 - 33% - 40% - 18:24
2 - 28% - 37% - 15:35
3 - 22% - 18% - 11:51
4 - 17% - 5% - 9:12
Normal Defense
1 - 35% - 40% - 19:28
2 - 31% - 30% - 17:03
3 - 28% - 20% - 15:32
4 - 5% - 10% - 2:59
PP Forward
1 - 50% - 70% - 0:59
2 - 50% - 30% - 1:00
PP Defense
1 - 50% - 70% - 1:00
2 - 50% - 30% - 0:59
PK Forward
1 - 59% - 55% - 1:45
2 - 41% - 45% - 1:14
PK Defense
1 - 49% - 55% - 1:28
2 - 51% - 45% - 1:31
PK3 Forward
1 - 0% - 55%
2 - 0% - 45%
PK3 Defense
1 - 0% - 55%
2 - 0% - 45%
44 Forward
1 - 0% - 55%
2 - 0% - 45%
44 Defense
1 - 0% - 55%
2 - 0% - 45%
Last Minute Offensive  - 0:00
Last Minute Defensive  - 0:00
Total
Forward - 60:00
Defense - 60:00
% Time on Ice - COLORADO GLACIERCATS
Lines # - Real PCT - Wanted PCT - Time Play
Normal Forward
1 - 31% - 35% - 16:50
2 - 34% - 33% - 18:32
3 - 29% - 27% - 15:48
4 - 7% - 5% - 3:52
Normal Defense
1 - 38% - 40% - 20:44
2 - 33% - 36% - 18:22
3 - 26% - 20% - 14:21
4 - 3% - 4% - 1:35
PP Forward
1 - 48% - 50% - 1:26
2 - 52% - 50% - 1:33
PP Defense
1 - 50% - 55% - 1:30
2 - 50% - 45% - 1:29
PK Forward
1 - 45% - 50% - 0:53
2 - 55% - 50% - 1:06
PK Defense
1 - 78% - 50% - 1:33
2 - 22% - 50% - 0:26
PK3 Forward
1 - 0% - 50%
2 - 0% - 50%
PK3 Defense
1 - 0% - 50%
2 - 0% - 50%
44 Forward
1 - 0% - 50%
2 - 0% - 50%
44 Defense
1 - 0% - 45%
2 - 0% - 55%
Last Minute Offensive  - 0:00
Last Minute Defensive  - 0:00
Total
Forward - 60:00
Defense - 60:00
Play-by-Play 1st period 0:01 of 1st period - Tage Thompson wins face-off versus Sidney Crosby in neutral zone. 0:28 of 1st period - Shot by Tage Thompson. 0:28 of 1st period - Stopped by Tristan Jarry with a rebound. 0:46 of 1st period - Shot by Sidney Crosby. 0:46 of 1st period - Shot Misses the Net. 1:18 of 1st period - Shot by Anze Kopitar. 1:18 of 1st period - Deflect By Bryan Rust. 1:18 of 1st period - Shot Misses the Net. 1:34 of 1st period - Shot by Anze Kopitar. 1:34 of 1st period - Shot Misses the Net. 2:23 of 1st period - Shot by Nino Niederreiter. 2:23 of 1st period - Stopped by Tristan Jarry without a rebound. 2:24 of 1st period - Alexander Wennberg wins face-off versus Paul Stastny in SASKATOON DUCKS zone. 3:54 of 1st period - Shot by Jake Guentzel. 3:54 of 1st period - Shot Misses the Net. 4:47 of 1st period - Off-side. 4:48 of 1st period - Ivan Barbashev wins face-off versus Anze Kopitar in neutral zone. 6:09 of 1st period - Cole Perfetti is hit by Jaycob Megna and loses puck. 6:14 of 1st period - Shot by Alexander Wennberg. 6:14 of 1st period - Shot Misses the Net. 6:16 of 1st period - Shot by Mario Ferraro. 6:16 of 1st period - Goal by Mario Ferraro - SASKATOON DUCKS : 0 - COLORADO GLACIERCATS : 1. 6:17 of 1st period - Kailer Yamamoto wins face-off versus Tage Thompson in neutral zone. 6:34 of 1st period - Jake Sanderson is hit by Jamie Benn and loses puck. 7:09 of 1st period - Alexander Wennberg is hit by Kailer Yamamoto and loses puck. 9:01 of 1st period - Shot by Jake Guentzel. 9:01 of 1st period - Shot Misses the Net. 9:03 of 1st period - Shot by Jake Guentzel. 9:03 of 1st period - Shot Blocked by Leon Draisaitl. 9:29 of 1st period - Shot by Sidney Crosby. 9:29 of 1st period - Stopped by Andrei Vasilevskiy without a rebound. 9:30 of 1st period - Alexander Wennberg wins face-off versus Ivan Barbashev in COLORADO GLACIERCATS zone. 9:35 of 1st period - Jaycob Megna is hit by Nino Niederreiter and loses puck. 9:40 of 1st period - Shot by Alexander Wennberg. 9:40 of 1st period - Stopped by Tristan Jarry without a rebound. 9:41 of 1st period - Alexander Wennberg wins face-off versus Paul Stastny in SASKATOON DUCKS zone. 9:44 of 1st period - Shot by Nino Niederreiter. 9:44 of 1st period - Stopped by Tristan Jarry with a rebound. 10:24 of 1st period - Shot by Nino Niederreiter. 10:24 of 1st period - Deflect By Cole Perfetti. 10:24 of 1st period - Shot Blocked by Samuel Girard. 10:26 of 1st period - Shot by Alexander Wennberg. 10:26 of 1st period - Shot Misses the Net. 11:11 of 1st period - Jake Guentzel is hit by Devon Toews and loses puck. 11:24 of 1st period - Shot by Sidney Crosby. 11:24 of 1st period - Shot Misses the Net. 11:29 of 1st period - Jake Guentzel is hit by Devon Toews and loses puck. 11:30 of 1st period - Minor Penalty to Kristopher Letang for High sticking. 11:31 of 1st period - Ryan Strome wins face-off versus Tomas Hertl in COLORADO GLACIERCATS zone. 11:32 of 1st period - Shot by Brent Burns. 11:32 of 1st period - Shot Misses the Net. 11:56 of 1st period - Shot by Brent Burns. 11:56 of 1st period - Stopped by Andrei Vasilevskiy without a rebound. 11:57 of 1st period - Sidney Crosby wins face-off versus Alexander Wennberg in COLORADO GLACIERCATS zone. 13:48 of 1st period - Shot by Leon Draisaitl. 13:48 of 1st period - Shot Misses the Net. 13:50 of 1st period - Shot by Jamie Benn. 13:50 of 1st period - Stopped by Tristan Jarry without a rebound. 13:51 of 1st period - Alexander Wennberg wins face-off versus Ivan Barbashev in SASKATOON DUCKS zone. 14:08 of 1st period - Shot by Cole Perfetti. 14:08 of 1st period - Goal by Cole Perfetti - SASKATOON DUCKS : 0 - COLORADO GLACIERCATS : 2. 14:09 of 1st period - Anze Kopitar wins face-off versus Milan Lucic in neutral zone. 14:22 of 1st period - Shot by Anze Kopitar. 14:22 of 1st period - Shot Misses the Net. 14:24 of 1st period - Shot by Kristopher Letang. 14:24 of 1st period - Stopped by Tristan Jarry with a rebound. 14:53 of 1st period - Icing by Paul Stastny. 14:54 of 1st period - Tage Thompson wins face-off versus Paul Stastny in SASKATOON DUCKS zone. 15:02 of 1st period - Minor Penalty to Kevin Shattenkirk for High sticking. 15:03 of 1st period - Anze Kopitar wins face-off versus Ivan Barbashev in SASKATOON DUCKS zone. 15:28 of 1st period - Shot by Tage Thompson. 15:28 of 1st period - Shot Blocked by Samuel Girard. 15:30 of 1st period - Shot by Vince Dunn. 15:30 of 1st period - Stopped by Tristan Jarry without a rebound. 15:31 of 1st period - Tomas Hertl wins face-off versus Ryan Strome in SASKATOON DUCKS zone. 15:42 of 1st period - Shot by Kristopher Letang. 15:42 of 1st period - Shot Misses the Net. 15:44 of 1st period - Shot by Jamie Benn. 15:44 of 1st period - Shot Misses the Net. 16:00 of 1st period - Shot by Tomas Hertl. 16:00 of 1st period - Shot Blocked by Roman Josi. 16:02 of 1st period - Shot by Tomas Hertl. 16:02 of 1st period - Goal by Tomas Hertl - SASKATOON DUCKS : 0 - COLORADO GLACIERCATS : 3. 16:03 of 1st period - Sidney Crosby wins face-off versus Alexander Wennberg in neutral zone. 16:09 of 1st period - Icing by Vladislav Gavrikov. 16:10 of 1st period - Alexander Wennberg wins face-off versus Sidney Crosby in COLORADO GLACIERCATS zone. 17:33 of 1st period - Icing by Brent Burns. 17:34 of 1st period - Jamie Benn wins face-off versus Ryan Strome in SASKATOON DUCKS zone. 17:40 of 1st period - Shot by Tage Thompson. 17:40 of 1st period - Shot Misses the Net. 18:15 of 1st period - Icing by Dylan Samberg. 18:16 of 1st period - Tage Thompson wins face-off versus Sidney Crosby in COLORADO GLACIERCATS zone. 18:21 of 1st period - Jaycob Megna is hit by Tage Thompson and loses puck. 18:40 of 1st period - Tomas Hertl is hit by Sidney Crosby and loses puck. 18:55 of 1st period - Shot by Tomas Hertl. 18:55 of 1st period - Shot Misses the Net. 18:59 of 1st period - Shot by Bryan Rust. 18:59 of 1st period - Shot Blocked by Samuel Girard. 19:01 of 1st period - Shot by Kristopher Letang. 19:01 of 1st period - Shot Misses the Net. 19:03 of 1st period - Shot by Anze Kopitar. 19:03 of 1st period - Goal by Anze Kopitar - SASKATOON DUCKS : 0 - COLORADO GLACIERCATS : 4. 19:04 of 1st period - Alexander Wennberg wins face-off versus Phil Kessel in neutral zone. Goals for this period are 0 for SASKATOON DUCKS vs 4 for COLORADO GLACIERCATS. Shots for this period are 2 for SASKATOON DUCKS vs 11 for COLORADO GLACIERCATS. 2nd period 0:01 of 2nd period - Anze Kopitar wins face-off versus Jake Guentzel in neutral zone. 0:04 of 2nd period - Shot by Kristopher Letang. 0:04 of 2nd period - Shot Blocked by Brent Burns. 0:34 of 2nd period - Shot by Jake Guentzel. 0:34 of 2nd period - Shot Misses the Net. 0:57 of 2nd period - Off-side. 0:58 of 2nd period - Ryan Strome wins face-off versus Tage Thompson in neutral zone. 1:18 of 2nd period - Kailer Yamamoto is hit by Jamie Benn and loses puck. 1:23 of 2nd period - Shot by Leon Draisaitl. 1:23 of 2nd period - Shot Blocked by Jaycob Megna. 1:33 of 2nd period - Shot by Tage Thompson. 1:33 of 2nd period - Shot Misses the Net. 2:27 of 2nd period - Icing by Kevin Shattenkirk. 2:28 of 2nd period - Anze Kopitar wins face-off versus Ivan Barbashev in SASKATOON DUCKS zone. 2:37 of 2nd period - Shot by Tomas Hertl. 2:37 of 2nd period - Shot Blocked by Jake Sanderson. 2:47 of 2nd period - Shot by Tomas Hertl. 2:47 of 2nd period - Stopped by Tristan Jarry without a rebound. 2:48 of 2nd period - Sidney Crosby wins face-off versus Alexander Wennberg in SASKATOON DUCKS zone. 2:48 of 2nd period - Sidney Crosby is hit by Nino Niederreiter. 3:10 of 2nd period - Shot by Sidney Crosby. 3:10 of 2nd period - Shot Misses the Net. 3:18 of 2nd period - Shot by Jake Guentzel. 3:18 of 2nd period - Deflect By Sidney Crosby. 3:18 of 2nd period - Shot Misses the Net. 3:20 of 2nd period - Shot by Sidney Crosby. 3:20 of 2nd period - Goal by Sidney Crosby - SASKATOON DUCKS : 1 - COLORADO GLACIERCATS : 4. 3:21 of 2nd period - Ryan Strome wins face-off versus Tage Thompson